 Dungeon Crawl Stone Soup version 0.29-a0-666-g26d293caef (webtiles) character file.

Game seed: 7040025142004852977

784 NoAnimeNoLife the Sneak (level 7, -2/48 HPs)
             Began as an Octopode Transmuter on June 23, 2022.
             Slain by an adder (3 damage)
             ... on level 5 of the Dungeon.
             The game lasted 00:10:03 (5492 turns).

NoAnimeNoLife the Sneak (Octopode Transmuter)       Turns: 5492, Time: 00:10:04

Health: -2/48      AC:  1    Str:  9    XL:     7   Next: 86%
Magic:  10/10      EV: 13    Int: 18    God:
Gold:   359        SH:  0    Dex: 12    Spells: 7/10 levels left

rFire   . . .      SeeInvis .     - Unarmed
rCold   . . .      Faith    .   (no shield)
rNeg    . . .      Spirit   .   (helmet currently unavailable)
rPois   .          Reflect  .   (no amulet)
rElec   .          Harm     .   (no ring)
rCorr   .          Rampage  .   (no ring)
Will    .....                   (no ring)
Stlth   ++++......              (no ring)
HPRegen 0.16/turn               (no ring)
MPRegen 0.12/turn               (no ring)
                                (no ring)
                                (no ring)

@: lethally poisoned (-2 -> -24), appendages, attractive
A: tentacle spike 3, almost no armour, amphibious, 8 rings, camouflage 1,
gelatinous body 1, (nimble swimmer 1), tentacles
a: End Transformation


You were on level 5 of the Dungeon.
One of your tentacles had grown a beastly spike.
You visited 1 branch of the dungeon, and saw 5 of its levels.

You collected 359 gold pieces.

Inventory:

Missiles
 q - a throwing net
Wands
 k - a wand of paralysis (18)
Scrolls
 a - a scroll of identify {unknown}
 d - a scroll of enchant armour {unknown}
 e - a scroll of amnesia {unknown}
 f - 2 scrolls of torment {unknown}
 h - 3 scrolls of vulnerability {unknown}
 l - a scroll of summoning {unknown}
 m - a scroll of enchant weapon {unknown}
 p - a scroll of blinking {unknown}
Potions
 b - a potion of cancellation {unknown}
 c - 2 potions of attraction
 g - a potion of curing {unknown}
 i - a potion of haste {unknown}
 j - a potion of brilliance {unknown}
 n - a potion of heal wounds {unknown}
 o - 2 potions of berserk rage {unknown}


   Skills:
 + Level 4.1 Fighting
 - Level 2.0 Dodging
 - Level 5.0 Stealth
 + Level 4.8 Unarmed Combat
 - Level 2.0 Spellcasting
 + Level 4.1 Transmutations
 * Level 4.0 Poison Magic


You had 7 spell levels left.
You knew the following spells:

 Your Spells              Type           Power      Damage    Failure   Level
a - Beastly Appendage     Tmut           32%        N/A       3%          1
b - Wereblood             Tmut           16%        N/A       4%          2

Your spell library contained the following spells:

 Spells                   Type           Power      Damage    Failure   Level
 Spider Form              Tmut/Pois      16%        N/A       11%         3
 Apportation              Tloc           2%         N/A       19%         1
 Ice Form                 Ice/Tmut       9%         N/A       61%         4
 Alistair's Intoxication  Tmut/Pois      10%        N/A       67%         5


Dungeon Overview and Level Annotations

Branches:
Dungeon (5/15)
 Temple: D:4-7

Altars:
Qazlal
Ru
Uskayaw
Zin


Innate Abilities, Weirdness & Mutations

One of your tentacles has grown a beastly spike.
You cannot wear most types of armour.
You are amphibious.
You can wear up to eight rings at the same time.
Your skin changes colour to match your surroundings (Stealth+).
Your rubbery body absorbs attacks. (AC +1, EV +1)
((You are camouflaged when in or above water. (Stealth+)))
You have tentacles for arms and can constrict up to eight enemies at once.


Message History

Your grab misses the scorpion.
The scorpion is heavily wounded.
You feel sick. The scorpion stings you.
You are more poisoned.
The scorpion poisons you! The adder bites you.
You are more poisoned.
The adder poisons you!
You barely miss the scorpion. Your grab misses the scorpion.
The scorpion is heavily wounded.
You feel very sick. The scorpion stings you.
You are lethally poisoned!
The scorpion poisons you! The adder closely misses you.
You bludgeon the scorpion! You grab the scorpion.
You pierce the scorpion, but do no damage.
The scorpion is almost dead.
You constrict the scorpion.
You feel very sick. The adder bites you.
You are more poisoned.
The adder poisons you! The scorpion misses you.
You are too injured to fight recklessly!
Unknown command.
You are too injured to fight recklessly!
You are too injured to fight recklessly!
Unknown command.
You barely miss the scorpion.
The scorpion is almost dead.
You constrict the scorpion, but do no damage.
* * * LOW HITPOINT WARNING * * *
You feel extremely sick. The adder barely misses you. The scorpion stings you!
* * * LOW HITPOINT WARNING * * *
It was a potion of attraction.
You feel attractive to monsters.
You constrict the scorpion, but do no damage.
* * * LOW HITPOINT WARNING * * *
You feel very sick. The adder bites you.
You die...

...#..# #.......#
...#..# #....####
...#..# #....####
...#..# #.......)
...#... #....####
...####
################....####
....................#...
......S.............#...
......s@................
.....................)..
#####...############....
#...# #.... #...# #....
#...# #.#'# #...# #.#.#
#...# #.#.# #....


You could see a scorpion and an adder.

Vanquished Creatures
  An ice beast (D:5)
  A black bear (D:5)
  An ogre (D:5)
  A necrophage (D:5)
  2 scorpions
  A hound (D:5)
  2 iguanas (D:4)
  Robin (D:2)
  3 gnolls (D:3)
  11 adders
  A white imp (D:3)
  2 worms
  5 dart slugs
  5 orcs
  4 ball pythons
  8 bats
  5 endoplasms
  5 giant cockroaches
  13 goblins
  10 hobgoblins
  6 quokkas
  5 frilled lizards
  17 kobolds
  6 rats
116 creatures vanquished.

Vanquished Creatures (others)
  55 plants (D:5)
55 creatures vanquished.

Grand Total: 171 creatures vanquished

Notes
Turn   | Place    | Note
-------+----------+-------------------------------------------
     0 | D:1      | NoAnimeNoLife the Octopode Transmuter began the quest for
                  | the Orb.
     0 | D:1      | Reached XP level 1. HP: 13/13 MP: 3/3
   166 | D:1      | Found a faded altar of an unknown god.
   180 | D:1      | Reached XP level 2. HP: 11/18 MP: 3/5
   551 | D:1      | Reached XP level 3. HP: 23/23 MP: 4/6
   554 | D:1      | Learned a level 2 spell: Wereblood
   961 | D:2      | Reached skill level 1 in Stealth
   964 | D:2      | Reached skill level 1 in Poison Magic
  1041 | D:2      | Reached XP level 4. HP: 25/28 MP: 3/7
  1056 | D:2      | Noticed Robin
  1061 | D:2      | Killed Robin
  1079 | D:2      | HP: 1/28 [hobgoblin[Robin] (3)]
  1485 | D:2      | Reached skill level 2 in Stealth
  2181 | D:2      | Reached XP level 5. HP: 34/34 MP: 6/8
  2683 | D:3      | Found a stormy altar of Qazlal.
  2727 | D:3      | Found a hide-covered altar of Uskayaw.
  2820 | D:3      | Reached skill level 3 in Stealth
  3720 | D:4      | Reached XP level 6. HP: 24/41 MP: 7/9
  4059 | D:4      | Reached skill level 4 in Stealth
  4728 | D:5      | Entered Level 5 of the Dungeon
  4748 | D:5      | Found a sacrificial altar of Ru.
  4793 | D:5      | Noticed an ice beast
  4804 | D:5      | Killed an ice beast
  4805 | D:5      | Reached XP level 7. HP: 46/46 MP: 10/10
  4843 | D:5      | Reached skill level 5 in Stealth
  5185 | D:5      | Found a glowing silver altar of Zin.
  5492 | D:5      | HP: 1/48 [poisoned by an adder]
  5492 | D:5      | Slain by an adder

Illustrated notes

Levels and vault maps discovered:
D:1:      ebering_trefoil_3fold, layout_loops_ring,
          chequers_ecumenical_altar_simple_redux
D:2:      minmay_recursive_quarters, layout_loops_cross, uniq_robin
D:3:      layout_basic, chequers_temple_overflow_statue_of_worship
D:4:      layout_loops_ring
D:5:      kennysheep_kobold_camp, layout_basic, zin_statuary,
          nicolae_ru_path_of_blood

Skill      XL: |  1  2  3  4  5  6  7 |
---------------+----------------------+-----
Transmutations | 3 4 |  4.1
Stealth        | 1 2 3 4 5 |  5.0
Poison Magic   | 1 2 4 |  4.0
Fighting       | 2 3 4 |  4.1
Unarmed Combat | 4 |  4.8
Dodging        | |  2.0
Spellcasting   | |  2.0

Action                   |  1- 3 |  4- 6 |  7- 9 || total
-------------------------+-------+-------+-------++-------
Melee: Unarmed           |    66 |   172 |    36 ||   274
       Constrict         |    20 |    49 |     7 ||    76
       Kick              |    20 |    46 |    19 ||    85
       Tentacles         |    13 |    37 |    11 ||    61
       Punch             |     5 |     3 |     7 ||    15
 Cast: Beastly Appendage |    21 |    36 |     8 ||    65
       Wereblood         |     1 |     2 |       ||     3
Evoke: Wand              |       |     5 |       ||     5
  Use: Potion            |       |     1 |     1 ||     2
 Stab: Sleeping          |     6 |     9 |     4 ||    19
       Paralysed         |       |     9 |       ||     9
Armor: Skin              |     9 |    11 |       ||    20
Dodge: Dodged            |    53 |   112 |    23 ||   188

Table legend: (Time is in decaauts)
 A = Elapsed time spent in this place.
 B = Non-inter-level travel time spent in this place.
 C = Inter-level travel time spent in this place.
 D = Time resting spent in this place.
 E = Time spent auto-exploring this place.
 F = Levels seen in this place.
 G = Mean time per level.
                   A        B        C        D        E       F      G
               +--------+--------+--------+--------+--------+-----+--------+
         Total |   5473 |   5323 |    150 |    386 |   4180 |   5 | 1094.6 |
       Dungeon |   5473 |   5323 |    150 |    386 |   4180 |   5 | 1094.6 |
               +--------+--------+--------+--------+--------+-----+--------+

Top non-repeatable levels by time:
     D:2: 1824 daAuts
     D:4: 1168 daAuts
     D:3: 870 daAuts
     D:1: 849 daAuts
     D:5: 760 daAuts
